 Dungeon Sprint DCSS version 0.29-a0-364-g921d912d32 (webtiles) character file.

Game seed: 1798028705678184152

1702 mhtbhm the Fighter (level 8, -11/129 HPs)
             Began as a Yellow Draconian Berserker on Apr 30, 2022.
             Was the Champion of Trog.
             Mangled by Donald
             ... wielding a +0 demon trident
              (25 damage)
             ... in the Dungeon (Sprint VII: "The Pits").
             The game lasted 00:01:38 (1352 turns).

mhtbhm the Fighter (Yellow Draconian Berserker)     Turns: 1352, Time: 00:01:39

Health: -11/129    AC: 10    Str: 22    XL:     8   Next: 73%
Magic:  8/8        EV: 18    Int:  7    God:    Trog [******]
Gold:   0          SH:  0    Dex: 11    Spells: 7/7 levels left

rFire   . . .      SeeInvis .   a - +2 war axe (venom)
rCold   . . .      Faith    .   (no shield)
rNeg    . . .      Spirit   .   (body armour unavailable)
rPois   .          Reflect  .   (helmet restricted)
rElec   .          Harm     .   n - +0 cloak
rCorr   +          Rampage  .   (no gloves)
Will    .....      NoTele   +   (no boots)
Stlth   ..........              (no amulet)
HPRegen 0.31/turn               k - +3 ring of protection
MPRegen 0.11/turn               l - +3 ring of evasion

@: berserking (expiring), very quick
A: spit acid, AC +6, unfitting armour, cold-blooded, acid resistance
a: Breathe Acid, Renounce Religion, Berserk, Trog's Hand, Brothers in Arms


You were in the Dungeon.
You worshipped Trog.
Trog was exalted by your worship.
You visited 1 branch

Inventory:

Hand Weapons
 a - a +2 war axe of venom (weapon)
Missiles
 j - a curare-tipped dart (quivered)
Armour
 n - a +0 cloak (worn)
Jewellery
 k - a +3 ring of protection (left hand)
 l - a +3 ring of evasion (right hand)
Scrolls
 g - a scroll of blinking
 i - a scroll of summoning
Potions
 b - 8 potions of curing
 c - 12 potions of heal wounds
 d - a potion of haste
 e - 4 potions of magic
 f - 3 potions of berserk rage
 h - 2 potions of invisibility
 m - a potion of mutation


   Skills:
 + Level 13.0 Fighting
 + Level 12.5 Axes
 + Level 9.8 Dodging
 + Level 1.3 Stealth


You had 7 spell levels left.
You didn't know any spells.
Your spell library was empty.

Dungeon Overview and Level Annotations

Branches:
Dungeon (1/1)

Altars:
Cheibriados
Dithmenos
Elyvilon
Fedhas
Gozag
Hepliaklqana
Makhleb
Nemelex Xobeh
Okawaru
Qazlal
Ru
Sif Muna
Trog
Wu Jian
Xom
Yredelemnul
Zin
The Shining One
Jiyva

Annotations:
D Donald


Innate Abilities, Weirdness & Mutations

You can spit globs of acid.
Your golden yellow scales are hard. (AC +6)
You cannot fit into any form of body armour.
You are cold-blooded and may be slowed by cold attacks.
You are resistant to acid. (rCorr)


Message History

Donald hits you from afar with a +0 demon trident!!
Your Axes skill increases to level 12!
You slash the wyvern! You tail-slap the wyvern.
The wyvern is severely wounded.
The wyvern barely misses you.
Donald hits you from afar with a +0 demon trident!!!
You slash the wyvern!
You kill the wyvern!
Trog accepts your kill. Donald closely misses you.
Your Fighting skill increases to level 13!
Your Stealth skill increases to level 1!
Donald hits you with a +0 demon trident!
You are too injured to fight recklessly!
You are too injured to fight recklessly!
You are too injured to fight recklessly!
You are too injured to fight recklessly!
You are too injured to fight recklessly!
You are too injured to fight recklessly!
You are too injured to fight recklessly!
You are too injured to fight recklessly!
You are too injured to fight recklessly!
You are too injured to fight recklessly!
You are too injured to fight recklessly!
You hit Donald but do no damage. Donald blocks your attack.
Donald hits you with a +0 demon trident!
You slash Donald!
Donald is lightly wounded.
Donald barely misses you. Donald blocks your attack.
You tail-slap Donald. You punch Donald, but do no damage.
Donald is lightly wounded.
Donald blocks your attack.
Donald is lightly wounded.
Donald hits you with a +0 demon trident!!
* * * LOW HITPOINT WARNING * * *
Donald blocks your attack.
You tail-slap Donald, but do no damage.
Donald is lightly wounded.
Donald hits you with a +0 demon trident!!
You die...

#..# #..# #..#
####### #..#
..##..# #..#
..##..# #..#
..''..# #@.#
..')..##########@.#
..##...........)†.#
..##..............#
###################


You could see Donald (fast, strong).

Vanquished Creatures
  An elephant (D)
  A hellwing (D)
  An efreet (D)
  A wyvern (D)
  A warg (D)
  A floating eye (D)
  A swamp drake (D)
  An ogre (D)
  A phantom (D)
  A kobold brigand (D)
  A scorpion (D)
  A crimson imp (D)
  A gnoll shaman (D)
  An iguana (D)
  4 gnolls (D)
  An ufetubus (D)
  2 worms (D)
  A ball python (D)
  4 bats (D)
  A giant cockroach (D)
  A goblin (D)
  A hobgoblin (D)
  A kobold (D)
  2 rats (D)
32 creatures vanquished.

Notes
Turn   | Place    | Note
-------+----------+-------------------------------------------
     0 | D        | mhtbhm the Draconian Berserker began the quest for the Orb.
     0 | D        | Reached XP level 1. HP: 19/19 MP: 1/1
    21 | D        | Found a bloodstained altar of Trog.
    21 | D        | Found a shimmering blue altar of Sif Muna.
    21 | D        | Found a viscous altar of Jiyva.
    21 | D        | Found a hazy altar of Hepliaklqana.
    21 | D        | Found an opulent altar of Gozag.
    58 | D        | Reached ** piety under Trog
    61 | D        | Noticed a scorpion
    66 | D        | Killed a scorpion
    67 | D        | Reached skill level 5 in Fighting
    67 | D        | Reached skill level 5 in Axes
    67 | D        | Reached XP level 2. HP: 30/30 MP: 2/2
    67 | D        | Reached XP level 3. HP: 37/37 MP: 3/3
   234 | D        | Noticed a floating eye
   240 | D        | Paralysed by a floating eye for 2 turns
   246 | D        | Reached XP level 4. HP: 34/44 MP: 4/4
   248 | D        | Paralysed by a floating eye for 4 turns
   253 | D        | Killed a floating eye
   253 | D        | Reached *** piety under Trog
   254 | D        | Reached skill level 7 in Fighting
   254 | D        | Reached skill level 5 in Dodging
   254 | D        | Reached XP level 5. HP: 42/53 MP: 5/5
   375 | D        | Reached **** piety under Trog
   376 | D        | Reached skill level 8 in Fighting
   380 | D        | Reached skill level 9 in Fighting
   380 | D        | Reached XP level 6. HP: 63/63 MP: 6/6
   386 | D        | Reached ***** piety under Trog
   619 | D        | Noticed a warg
   635 | D        | Killed a warg
   636 | D        | Reached skill level 10 in Fighting
   763 | D        | Noticed a hellwing
   763 | D        | Noticed a swamp drake
   770 | D        | Reached skill level 10 in Axes
   770 | D        | Your scales start taking on a golden yellow colour.
   770 | D        | Reached XP level 7. HP: 73/73 MP: 7/7
   770 | D        | Gained mutation: You are resistant to acid. (rCorr) [Yellow
                  | Draconian growth]
   779 | D        | Killed a hellwing
   780 | D        | Reached skill level 11 in Fighting
   986 | D        | Found a glowing golden altar of the Shining One.
   986 | D        | Found a glowing silver altar of Zin.
   986 | D        | Found a basalt altar of Yredelemnul.
   986 | D        | Found a shimmering altar of Xom.
   986 | D        | Found an ornate altar of the Wu Jian Council.
   986 | D        | Found a sacrificial altar of Ru.
   986 | D        | Found a stormy altar of Qazlal.
   986 | D        | Found an iron altar of Okawaru.
   986 | D        | Found a sparkling altar of Nemelex Xobeh.
   986 | D        | Found a burning altar of Makhleb.
   986 | D        | Found a blossoming altar of Fedhas.
   986 | D        | Found a white marble altar of Elyvilon.
   986 | D        | Found a shadowy altar of Dithmenos.
   986 | D        | Found a snail-covered altar of Cheibriados.
  1010 | D        | Noticed an efreet
  1022 | D        | Killed an efreet
  1022 | D        | Reached ****** piety under Trog
  1023 | D        | Reached skill level 12 in Fighting
  1023 | D        | Reached XP level 8. HP: 14/83 MP: 8/8
  1338 | D        | Noticed Donald
  1338 | D        | Noticed an elephant
  1344 | D        | Killed an elephant
  1344 | D        | Received a gift from Trog
  1347 | D        | Reached skill level 13 in Fighting
  1347 | D        | Reached skill level 1 in Stealth
  1352 | D        | Mangled by Donald

Illustrated notes

Levels and vault maps discovered:
D:        pitsprint [storerooms_1, entrance_room_1, metal_vault_1, armoury_1,
          mini_pit_1, grid_room_1, main_hall_1, silver_pit, the_coven_1,
          the_vestibule_1, steel_vault_5, golden_pit, hallway_of_sentries,
          crystal_vault_3, iron_vault_1, final_vault]

Skill      XL: |  1  2  3  4  5  6  7  8 |
---------------+-------------------------+-----
Dodging        | 4 5 6 7 9 |  9.8
Fighting       | 5 7 9 10 12 13 | 13.0
Axes           | 5 7 8 10 11 12 | 12.5
Stealth        | 1 |  1.3

Action                   |  1- 3 |  4- 6 |  7- 9 || total
-------------------------+-------+-------+-------++-------
Melee: Hand axe          |    16 |    50 |    14 ||    80
       Tailslap          |     5 |     4 |     9 ||    18
       War axe           |       |       |    22 ||    22
       Punch             |       |       |     1 ||     1
Invok: Berserk           |     1 |     2 |     1 ||     4
 Abil: Breathe Acid      |       |       |     1 ||     1
Armor: Skin              |    14 |     6 |     5 ||    25
Dodge: Dodged            |    19 |    19 |    24 ||    62

Table legend: (Time is in decaauts)
 A = Elapsed time spent in this place.
 B = Non-inter-level travel time spent in this place.
 C = Inter-level travel time spent in this place.
 D = Time resting spent in this place.
 E = Time spent auto-exploring this place.
 F = Levels seen in this place.
 G = Mean time per level.
                   A        B        C        D        E       F      G
               +--------+--------+--------+--------+--------+-----+--------+
         Total |   1358 |   1358 |      0 |    963 |     47 |   1 | 1358.0 |
       Dungeon |   1358 |   1358 |      0 |    963 |     47 |   1 | 1358.0 |
               +--------+--------+--------+--------+--------+-----+--------+

Top non-repeatable levels by time:
       D: 1358 daAuts
